[Event "Titled Tuesday Blitz October 31 Early 2023"]
[White "Hua, Lefong"]
[Black "Andreev, Konstantin"]
[WhiteFideId "2602253"]
[BlackFideId "24239305"]
[WhiteElo "2719"]
[BlackElo "2570"]
[Result "1-0"]
[Round "6"]
[TimeControl "180+1"]
[Date "2023.10.31"]
[WhiteClock "0:00:19"]
[BlackClock "0:01:01"]
[Board "54"]

1. d4 Nf6 2. c4 e6 3. Nc3 Bb4 4. f3 c5 5. a3 Bxc3+ 6. bxc3 O-O 7. e4 Ne8 8. Bd3 Nc6 9. Be3 b6 10. Nh3 Ba6 11. O-O d6 12. Qe2 Rc8 13. f4 f5 14. d5 Na5 15. dxe6 fxe4 16. Bxe4 Bxc4 17. Bd3 Bxe6 18. Bxh7+ Kxh7 19. Ng5+ Kg8 20. Nxe6 Qf6 21. Nxf8 Kxf8 22. c4 Nc7 23. Rad1 Re8 24. Qd3 d5 25. cxd5 c4 26. Qd4 Nxd5 27. Qxd5 Rxe3 28. Rde1 Qc3 29. Qa8+ Kf7 30. Qxa7+ Kg8 31. Rd1 Rd3 32. Qxb6 Nb3 33. Rde1 Nd4 34. Re8+ Kh7 35. Qb8 Re3 36. Rh8+ Kg6 37. Qd6+ Re6 38. f5+ 1-0


[Site "https://www.chess.com"]

[Event "Titled Tuesday Blitz October 31 Early 2023"]
[White "Guliev, Logman"]
[Black "Gubajdullin, Alexei"]
[WhiteFideId "13400061"]
[BlackFideId "4141202"]
[WhiteElo "2569"]
[BlackElo "2715"]
[Result "0-1"]
[Round "6"]
[TimeControl "180+1"]
[Date "2023.10.31"]
[WhiteClock "0:00:00"]
[BlackClock "0:00:02"]
[Board "55"]

1. e4 g6 2. d4 Bg7 3. Nc3 d6 4. Nf3 a6 5. Be2 Nd7 6. a4 c5 7. O-O cxd4 8. Nxd4 Ngf6 9. Be3 O-O 10. f4 Qc7 11. Bf3 e5 12. Nde2 b6 13. fxe5 Nxe5 14. Nf4 Nc4 15. Bd4 Bb7 16. Kh1 Nxb2 17. Qe2 Rae8 18. Rab1 d5 19. Bxf6 Bxf6 20. Nfxd5 Qd8 21. Nxf6+ Qxf6 22. Rxb2 Qxc3 23. Rxb6 Bc8 24. Qd3 Qa5 25. Qb3 Re6 26. Rb8 Qc5 27. Rb1 Ree8 28. c4 Be6 29. Rxe8 Rxe8 30. Rc1 Rc8 31. Qb7 Rc6 32. e5 Rc7 33. Qxa6 Qxe5 34. Qb5 Qe3 35. Qb8+ Kg7 36. Qb2+ f6 37. a5 Rxc4 38. Rf1 Qd4 39. Qxd4 Rxd4 40. Ra1 Bc4 41. a6 Bxa6 42. Rxa6 Rb4 43. Ra1 f5 44. Kg1 h5 45. Rd1 h4 46. h3 g5 47. Rd6 g4 48. hxg4 fxg4 49. Bd5 h3 50. g3 Rd4 51. Rd7+ Kf6 52. Be6 Rb4 53. Bd5 Rb1+ 54. Kh2 Rb2+ 55. Kg1 Rb1+ 56. Kf2 Rb2+ 57. Ke3 h2 58. Rh7 Ke5 59. Ba8 Rb3+ 60. Kf2 Rb2+ 61. Ke3 Rb3+ 62. Kf2 Rb2+ 63. Kf1 Rb3 64. Kg2 Rb2+ 65. Kh1 Kd4 66. Rxh2 Rb1+ 67. Kg2 Ke3 68. Rh5 Rb2+ 69. Kg1 Rb1+ 70. Kh2 Rb2+ 71. Bg2 Ra2 72. Rf5 Ra3 73. Rf4 Ra7 74. Rxg4 Rh7+ 0-1


[Site "https://www.chess.com"]

[Event "Titled Tuesday Blitz October 31 Early 2023"]
[White "BardArtem"]
[Black "borocotoajua"]
[WhiteElo "2704"]
[BlackElo "2568"]
[Result "1/2-1/2"]
[Round "6"]
[TimeControl "180+1"]
[Date "2023.10.31"]
[WhiteClock "0:00:14"]
[BlackClock "0:00:25"]
[Board "56"]

1. e4 c6 2. d4 d5 3. exd5 cxd5 4. Bd3 Nc6 5. c3 Nf6 6. h3 e5 7. dxe5 Nxe5 8. Nf3 Nxd3+ 9. Qxd3 Bd6 10. O-O O-O 11. Bg5 h6 12. Bh4 Re8 13. Nbd2 g5 14. Bg3 Ne4 15. Nxe4 dxe4 16. Qxd6 Qxd6 17. Bxd6 exf3 18. Rfe1 Be6 19. g4 Rad8 20. Bc5 Rd2 21. b3 b6 22. Be3 Rc2 23. Rec1 Re2 24. Rd1 f5 25. gxf5 Bxf5 26. Rd6 R8xe3 27. fxe3 Bxh3 28. Rf6 g4 29. Rd1 g3 30. Rxf3 Rg2+ 31. Kh1 Rh2+ 32. Kg1 Rg2+ 33. Kh1 Rh2+ 34. Kg1 Rg2+ 1/2-1/2


[Site "https://www.chess.com"]

[Event "Titled Tuesday Blitz October 31 Early 2023"]
[White "NovoselovRoman"]
[Black "Djokic, Mihailo"]
[BlackFideId "976440"]
[WhiteElo "2549"]
[BlackElo "2704"]
[Result "0-1"]
[Round "6"]
[TimeControl "180+1"]
[Date "2023.10.31"]
[WhiteClock "0:00:14"]
[BlackClock "0:00:06"]
[Board "57"]

1. d4 Nf6 2. Nf3 g6 3. Nc3 d5 4. Bg5 Bg7 5. Qd2 Ne4 6. Qe3 Nxg5 7. Qxg5 e6 8. Qf4 Qd6 9. Qd2 a6 10. e4 dxe4 11. Nxe4 Qb6 12. O-O-O O-O 13. h4 Rd8 14. h5 Nc6 15. c3 e5 16. d5 Bf5 17. Neg5 e4 18. Nh4 Bg4 19. Qf4 Ne5 20. Rd4 Qf6 21. Qxf6 Bxf6 22. Nxe4 Bg7 23. h6 Bh8 24. f3 Bc8 25. Rd1 b5 26. f4 Ng4 27. Rh3 f5 28. Ng5 Nf2 29. Rhd3 Nxd1 30. Rxd1 Bf6 31. Nhf3 Bb7 32. c4 bxc4 33. Bxc4 Rd6 34. Ne6 Re8 35. Nc5 Ba8 36. Ne6 Re7 37. Ne5 Bb7 38. Nc5 Bc8 39. Nc6 Re3 40. b3 Kf8 41. Rd3 Rxd3 42. Nxd3 Bb7 43. Nde5 g5 44. g3 gxf4 45. gxf4 Ke8 46. Kd2 Bxe5 47. fxe5 Rxh6 48. Nd4 f4 49. Ke2 Rh3 50. Ne6 Re3+ 51. Kf2 Rxe5 52. Nxf4 Rf5 53. Ke3 h5 54. Ne6 Kd7 55. Ng7 Rg5 56. Ne6 Rg4 57. Nf4 h4 58. Kf3 Rg3+ 59. Kf2 Kd6 60. Nh5 Rc3 61. Nf4 Rc2+ 62. Ke3 Rxa2 63. Ng6 Bxd5 64. Nxh4 Bxc4 65. bxc4 Ra4 66. Kd4 c5+ 67. Kc3 Ke5 68. Nf3+ Kd6 69. Nd2 Kc6 70. Ne4 Ra1 71. Nf6 Rc1+ 72. Kb3 Rb1+ 73. Kc3 a5 74. Nd5 a4 75. Kc2 Rb8 76. Ne7+ Kd7 77. Nd5 a3 78. Nc3 Kc6 79. Nb5 Rxb5 80. cxb5+ Kxb5 81. Kb3 Kc6 82. Kxa3 Kd5 83. Kb3 Kd4 84. Kb2 Kd3 85. Kb3 c4+ 86. Kb2 Kd2 87. Kb1 c3 88. Ka2 c2 89. Kb2 c1=Q+ 90. Ka2 Qc5 91. Kb3 Kd3 92. Kb2 Qb4+ 93. Ka2 Kc2 94. Ka1 Qb2# 0-1


[Site "https://www.chess.com"]

[Event "Titled Tuesday Blitz October 31 Early 2023"]
[White "Atakhan, Abtin"]
[Black "Titichoca Daza, Daniel"]
[WhiteFideId "22502203"]
[BlackFideId "3309550"]
[WhiteElo "2699"]
[BlackElo "2541"]
[Result "1-0"]
[Round "6"]
[TimeControl "180+1"]
[Date "2023.10.31"]
[WhiteClock "0:00:19"]
[BlackClock "0:00:22"]
[Board "58"]

1. Nf3 Nf6 2. d4 e6 3. c4 c5 4. d5 exd5 5. cxd5 d6 6. Nc3 g6 7. e4 a6 8. a4 Bg4 9. Be2 Bxf3 10. Bxf3 Bg7 11. O-O O-O 12. Bf4 Qe7 13. e5 dxe5 14. d6 Qe6 15. Re1 Nbd7 16. Bxb7 Rab8 17. Bxa6 Rxb2 18. Bb5 Qf5 19. Be3 Ng4 20. Nd5 Nxe3 21. Ne7+ Kh8 22. Nxf5 Nxd1 23. Nxg7 Nxf2 24. Bxd7 Kxg7 25. a5 Rd8 26. a6 Rxd7 27. a7 Rxa7 28. Rxa7 Rd2 29. Rf1 Ne4 30. Rfxf7+ Kh6 31. d7 c4 32. h4 Kh5 33. Rf8 c3 34. d8=Q c2 35. Rxh7+ Kg4 36. Qc8+ Kg3 37. Qh3# 1-0


[Site "https://www.chess.com"]

[Event "Titled Tuesday Blitz October 31 Early 2023"]
[White "Nagare Kaivalya Sandip"]
[Black "Pinheiro, Iung Alicio de O."]
[WhiteFideId "25957929"]
[BlackFideId "2104350"]
[WhiteElo "2696"]
[BlackElo "2624"]
[Result "1-0"]
[Round "6"]
[TimeControl "180+1"]
[Date "2023.10.31"]
[WhiteClock "0:01:22"]
[BlackClock "0:00:00"]
[Board "59"]

1. e4 e5 2. Nf3 Nc6 3. Bb5 a6 4. Ba4 d6 5. c3 Bd7 6. O-O Nf6 7. d4 Be7 8. Re1 O-O 9. d5 Nb8 10. Bxd7 Nbxd7 11. c4 a5 12. Nc3 Ng4 13. h3 Nh6 14. Bxh6 gxh6 15. Ne2 f5 16. exf5 Rxf5 17. Ng3 Rf6 18. Nd2 Kh8 19. Nde4 Rg6 20. Qh5 Qf8 21. Re3 Nf6 22. Nxf6 Qxf6 23. Rf3 Qg7 24. Nf5 Qf6 25. Ne3 Qg7 26. Kh1 Rg8 27. Rg1 Rf8 28. Nf5 Qf6 29. Nd4 Qg5 30. Rxf8+ Bxf8 31. Qxg5 hxg5 32. Ne6 Kg8 33. Nxc7 g4 34. Re1 Bh6 35. Re4 gxh3 36. gxh3 Bc1 37. b3 Kf7 38. Rg4 Rh6 39. Kg2 Bf4 40. Ne6 Kf6 41. Nxf4 exf4 42. Rxf4+ Ke5 43. Rf7 b6 44. f4+ Kd4 45. f5 a4 46. Kg3 a3 47. Kg4 Kc3 48. h4 Kb2 49. Kg5 Kxa2 50. Kxh6 Kb2 51. f6 a2 52. Ra7 1-0


[Site "https://www.chess.com"]

[Event "Titled Tuesday Blitz October 31 Early 2023"]
[White "Demin, Vladimir"]
[Black "Preotu, Razvan"]
[WhiteFideId "4167457"]
[BlackFideId "2613280"]
[WhiteElo "2525"]
[BlackElo "2689"]
[Result "0-1"]
[Round "6"]
[TimeControl "180+1"]
[Date "2023.10.31"]
[WhiteClock "0:00:01"]
[BlackClock "0:00:05"]
[Board "60"]

1. d4 Nf6 2. Nc3 d5 3. Bf4 c5 4. e4 Nxe4 5. Nxe4 dxe4 6. dxc5 Qa5+ 7. c3 Qxc5 8. Qa4+ Nc6 9. Qxe4 g6 10. Nf3 Bg7 11. Qe3 Qxe3+ 12. Bxe3 O-O 13. Be2 Be6 14. O-O Rfd8 15. Nd2 Ne5 16. a4 Nd3 17. Rab1 Ba2 18. Ra1 Be6 19. Rab1 Rac8 20. a5 Nxb2 21. Rxb2 Bxc3 22. Rc2 Bf5 23. Ra2 Be6 24. Rc2 Bxa5 25. Rxc8 Rxc8 26. Bf3 b6 27. h4 f5 28. Rb1 Rc2 29. Nb3 Bxb3 30. Rxb3 e5 31. Bd5+ Kf8 32. Bg5 Bc3 33. Rb5 Bd4 34. Be3 Bxe3 35. fxe3 Rc5 36. Rxc5 bxc5 37. e4 f4 38. Kf2 Kg7 39. Ke2 Kh6 40. g4 fxg3 41. Kf3 Kh5 42. Kxg3 g5 43. Bf7+ Kh6 44. h5 c4 45. Bxc4 Kxh5 46. Bf7+ Kh6 47. Kg4 Kg7 48. Bb3 Kg6 49. Kg3 h5 50. Ba4 a5 51. Be8+ Kh6 52. Ba4 Kg7 53. Be8 Kh6 54. Ba4 g4 55. Kh4 Kg7 56. Be8 Kf8 57. Ba4 Ke7 58. Bd1 Kd6 59. Kxh5 g3 60. Bf3 a4 61. Kh4 a3 62. Kxg3 a2 0-1


[Site "https://www.chess.com"]

[Event "Titled Tuesday Blitz October 31 Early 2023"]
[White "Alinasab, Mobina"]
[Black "Ozates, Tuna"]
[WhiteFideId "12528897"]
[BlackFideId "6354521"]
[WhiteElo "2525"]
[BlackElo "2680"]
[Result "1-0"]
[Round "6"]
[TimeControl "180+1"]
[Date "2023.10.31"]
[WhiteClock "0:00:08"]
[BlackClock "0:00:07"]
[Board "61"]

1. e4 c5 2. Nf3 a6 3. c4 e6 4. d4 cxd4 5. Nxd4 Nf6 6. Nc3 Bb4 7. Qd3 Nc6 8. Nxc6 dxc6 9. Qxd8+ Kxd8 10. Bd3 e5 11. Bd2 Bc5 12. f3 Kc7 13. O-O-O Be6 14. Kc2 Rhd8 15. Na4 Bd4 16. c5 a5 17. Bc3 Nd7 18. Bxd4 exd4 19. f4 f6 20. b3 b6 21. cxb6+ Nxb6 22. Nc5 Bf7 23. Be2 a4 24. Na6+ Kb7 25. Nc5+ Kc7 26. Na6+ Kc8 27. Kb2 axb3 28. axb3 Ra7 29. Bg4+ Kb7 30. Nc5+ Ka8 31. Ra1 d3 32. Rxa7+ Kxa7 33. Ra1+ Kb8 34. Ra6 Nc8 35. Rxc6 Nd6 36. Kc3 d2 37. Bd1 Nb5+ 38. Kb2 Nd4 39. Rb6+ Kc7 40. Rb7+ Kc6 41. Rxf7 Kxc5 42. Kc3 Nb5+ 43. Kc2 Kb4 44. Rxg7 Nd4+ 45. Kb2 Rc8 46. Rd7 Kc5 47. Rd5+ Kb6 48. Rxd4 Rg8 49. Rxd2 Kc5 50. Bf3 h5 51. Rd5+ Kb6 52. Rxh5 Rd8 53. Rf5 Ra8 54. Rxf6+ Kc5 55. e5 Kd4 56. Rd6+ 1-0


[Site "https://www.chess.com"]

[Event "Titled Tuesday Blitz October 31 Early 2023"]
[White "Mendez Fortes, Eduardo Jesus"]
[Black "Estrada Nieto, Julian"]
[WhiteFideId "3502376"]
[BlackFideId "5101018"]
[WhiteElo "2676"]
[BlackElo "2524"]
[Result "1-0"]
[Round "6"]
[TimeControl "180+1"]
[Date "2023.10.31"]
[WhiteClock "0:01:14"]
[BlackClock "0:01:02"]
[Board "62"]

1. e4 e5 2. Nf3 Nc6 3. Bb5 a6 4. Ba4 Nf6 5. O-O Be7 6. Re1 b5 7. Bb3 d6 8. c3 O-O 9. h3 Bb7 10. d4 Re8 11. Nbd2 Bf8 12. a3 h6 13. Bc2 Nb8 14. b3 Nbd7 15. Bb2 c6 16. a4 g6 17. c4 Bg7 18. d5 bxa4 19. Rxa4 Nc5 20. Ra3 a5 21. Qa1 Nh5 22. Bc3 Nf4 23. Bxa5 Qf6 24. b4 Ncd3 25. Bxd3 Nxd3 26. Rxd3 cxd5 27. cxd5 Ba6 28. Rc3 Bb5 29. Qc1 Qe7 30. Rc7 Qf8 31. Qc3 f5 32. Rc1 Bf6 33. Qe3 f4 34. Qb6 Bd8 35. Qxb5 1-0


[Site "https://www.chess.com"]

[Event "Titled Tuesday Blitz October 31 Early 2023"]
[White "Rosen, Eric"]
[Black "Reprintsev, Alexander"]
[WhiteFideId "2032562"]
[BlackFideId "14100541"]
[WhiteElo "2672"]
[BlackElo "2519"]
[Result "1-0"]
[Round "6"]
[TimeControl "180+1"]
[Date "2023.10.31"]
[WhiteClock "0:00:08"]
[BlackClock "0:00:26"]
[Board "63"]

1. e4 d5 2. exd5 Qxd5 3. Nc3 Qa5 4. d4 Nf6 5. Nf3 Nc6 6. Bd2 a6 7. Bc4 Qh5 8. d5 Ne5 9. Nxe5 Qxe5+ 10. Qe2 Qxe2+ 11. Bxe2 e6 12. Bf4 Bd6 13. Bxd6 cxd6 14. dxe6 fxe6 15. f4 Bd7 16. Bf3 Bc6 17. Kf2 Bxf3 18. Kxf3 Ke7 19. Rhe1 g6 20. Rad1 Rac8 21. Rd2 Rc6 22. g4 Re8 23. h3 b5 24. a3 Rec8 25. g5 Nd7 26. Nd5+ Kf7 27. Nb4 Rb6 28. Red1 d5 29. Nd3 a5 30. c3 Rc4 31. Re2 Rcc6 32. Rde1 Rd6 33. h4 Kg7 34. h5 Rbc6 35. Rh2 d4 36. hxg6 hxg6 37. Reh1 Nf8 38. Ne5 Rc7 39. Rd1 dxc3 40. Rxd6 c2 41. Nd3 c1=Q 42. Nxc1 Rxc1 43. Rb6 Rc5 44. Rb7+ Kg8 45. Rd2 e5 46. Rd8 exf4 47. Kxf4 Rf5+ 48. Kg4 a4 49. Rdb8 Rf2 50. Rxb5 Kf7 51. R8b7+ Ke6 52. Ra5 Kd6 53. Rb6+ Kc7 54. Rf6 1-0


[Site "https://www.chess.com"]

[Event "Titled Tuesday Blitz October 31 Early 2023"]
[White "Iljin, Timofey"]
[Black "Yen, William"]
[WhiteFideId "14110180"]
[BlackFideId "30932025"]
[WhiteElo "2505"]
[BlackElo "2672"]
[Result "0-1"]
[Round "6"]
[TimeControl "180+1"]
[Date "2023.10.31"]
[WhiteClock "0:00:25"]
[BlackClock "0:01:20"]
[Board "64"]

1. e4 c5 2. c3 d6 3. d4 cxd4 4. cxd4 Nf6 5. Nc3 g6 6. Nf3 Bg7 7. h3 O-O 8. Bc4 Nxe4 9. Bxf7+ Rxf7 10. Nxe4 h6 11. O-O Nc6 12. Re1 Qb6 13. Be3 Qxb2 14. Rb1 Qxa2 15. d5 Ne5 16. Nxe5 Bxe5 17. Bxh6 Bf5 18. Re2 Qa6 19. Rb4 b6 20. Ng5 Rf6 21. f4 Bc3 22. Rb3 Bd4+ 23. Kh2 Re8 24. Rxe7 Rxe7 25. Qxd4 Rff7 26. Nxf7 Rxf7 27. Re3 Qc8 28. Qc3 Qxc3 29. Re8+ Kh7 0-1


[Site "https://www.chess.com"]

[Event "Titled Tuesday Blitz October 31 Early 2023"]
[White "Avazkhonov, Alikhon"]
[Black "Sadykov, Ramil"]
[WhiteFideId "14208504"]
[BlackFideId "24113590"]
[WhiteElo "2499"]
[BlackElo "2672"]
[Result "1-0"]
[Round "6"]
[TimeControl "180+1"]
[Date "2023.10.31"]
[WhiteClock "0:00:07"]
[BlackClock "0:00:06"]
[Board "65"]

1. d4 e6 2. c4 Nf6 3. Nc3 Bb4 4. f3 c5 5. d5 d6 6. e4 O-O 7. Ne2 b5 8. Nf4 e5 9. Ne2 bxc4 10. Ng3 Ba6 11. Qc2 Nbd7 12. Be2 h6 13. Nf5 Nb6 14. g4 Nh7 15. h4 f6 16. Be3 Qd7 17. Kf2 Nc8 18. a3 Ba5 19. Qd2 Rb8 20. Rag1 Ne7 21. Nxg7 Kxg7 22. Bxh6+ Kh8 23. Bxf8 Rxf8 24. Qh6 Ng8 25. Qe3 Qg7 26. g5 f5 27. exf5 Rxf5 28. Ne4 Ne7 29. Nxd6 Rf4 30. g6 Nxd5 31. Qc1 Nhf6 32. Nf7+ Kg8 33. h5 Ne4+ 34. Kf1 Bd2 35. Qxd2 Nxd2+ 36. Ke1 Nxf3+ 37. Bxf3 Rxf3 38. h6 Qxg6 39. Rxg6+ Kxf7 40. h7 Kxg6 41. h8=Q Kf5 42. Qh5+ Ke4 43. Qg6+ Kd4 44. Qxa6 Re3+ 45. Kd2 Nf4 46. Rd1 Ke4 47. Kc2 Re2+ 48. Rd2 Rxd2+ 49. Kxd2 Kd4 50. Qxa7 Nd5 51. Qd7 e4 52. a4 e3+ 53. Ke2 Ke4 54. a5 Nf4+ 55. Kd1 Kf3 56. Qf5 e2+ 57. Ke1 Ke3 58. Qxf4+ Kxf4 59. a6 Ke3 60. a7 c3 61. bxc3 Kd3 62. a8=Q Kxc3 63. Qa3+ Kc2 64. Kxe2 c4 65. Qa4+ Kc3 66. Ke3 Kb2 67. Qxc4 Ka3 68. Qb5 Ka2 69. Kd4 Ka1 70. Kc3 Ka2 71. Qb2# 1-0


[Site "https://www.chess.com"]

[Event "Titled Tuesday Blitz October 31 Early 2023"]
[White "Willy, Stephen"]
[Black "BashirovKemal"]
[WhiteFideId "30981468"]
[WhiteElo "2497"]
[BlackElo "2668"]
[Result "0-1"]
[Round "6"]
[TimeControl "180+1"]
[Date "2023.10.31"]
[WhiteClock "0:00:05"]
[BlackClock "0:00:58"]
[Board "66"]

1. e4 c5 2. c3 Nf6 3. e5 Nd5 4. d4 cxd4 5. Nf3 e6 6. Bc4 d6 7. cxd4 Nc6 8. Qe2 Be7 9. O-O O-O 10. Rd1 b6 11. Nc3 Nxc3 12. bxc3 Bb7 13. d5 exd5 14. Bxd5 Qc7 15. e6 f5 16. Bf4 Rae8 17. Rac1 h6 18. h4 Kh8 19. Qe3 Bf6 20. Nd4 Ne5 21. Nb5 Qe7 22. Bxb7 Qxb7 23. Nxd6 Qc6 24. Nxe8 Ng4 25. Qf3 Qxe8 26. Re1 Bxh4 27. g3 Be7 28. Kg2 Qg6 29. Rcd1 Re8 30. Rd7 Bc5 31. Re2 Rxe6 32. Rd8+ Kh7 33. Qd5 Qh5 34. Rxe6 Qh2+ 0-1


[Site "https://www.chess.com"]

[Event "Titled Tuesday Blitz October 31 Early 2023"]
[White "Sharapov, Evgeny"]
[Black "Maris, Ivo"]
[WhiteFideId "14103133"]
[BlackFideId "1028146"]
[WhiteElo "2664"]
[BlackElo "2496"]
[Result "1-0"]
[Round "6"]
[TimeControl "180+1"]
[Date "2023.10.31"]
[WhiteClock "0:00:42"]
[BlackClock "0:00:18"]
[Board "67"]

1. e4 e5 2. Nf3 Nc6 3. Bb5 Nf6 4. d3 Bc5 5. O-O O-O 6. c3 d6 7. h3 h6 8. Re1 a6 9. Ba4 Ba7 10. Nbd2 Ne7 11. Nf1 Ng6 12. Ng3 Bd7 13. Bb3 a5 14. a3 Qe8 15. d4 a4 16. Ba2 c5 17. d5 b5 18. Nh2 c4 19. Ng4 Bxg4 20. hxg4 Nf4 21. Bb1 g6 22. Qf3 Nh7 23. Bxf4 exf4 24. Qxf4 Ng5 25. Bc2 Kg7 26. Kf1 Qe7 27. f3 Bc5 28. Ke2 Rh8 29. Rh1 f6 30. Kd2 Nf7 31. Rh3 Qe5 32. Qxe5 fxe5 33. Ne2 Ng5 34. Rhh1 Raf8 35. Raf1 Rf6 36. f4 exf4 37. Rxf4 Rxf4 38. Nxf4 Rf8 39. Rf1 Re8 40. Re1 Rf8 41. Ne6+ Nxe6 42. dxe6 Rf2+ 43. Re2 Rxe2+ 44. Kxe2 Kf6 45. e5+ dxe5 46. Be4 Kxe6 47. Bc6 e4 48. Bxb5 Kd5 49. Bxa4 e3 50. Be8 Bb6 51. Bxg6 Kc6 52. Be8+ Kd5 53. Kf3 Ke6 54. Bb5 Kd5 55. Ba6 Ba7 56. Bb7+ Ke5 57. Bc8 Bb6 58. Bf5 Ba7 59. Bh7 Bb6 60. Bg8 1-0


[Site "https://www.chess.com"]

[Event "Titled Tuesday Blitz October 31 Early 2023"]
[White "Tikhonov, Viacheslav"]
[Black "Bao, Qilin"]
[WhiteFideId "44196407"]
[BlackFideId "8605750"]
[WhiteElo "2488"]
[BlackElo "2660"]
[Result "1-0"]
[Round "6"]
[TimeControl "180+1"]
[Date "2023.10.31"]
[WhiteClock "0:00:20"]
[BlackClock "0:00:28"]
[Board "68"]

1. e4 c6 2. d4 d5 3. Nc3 dxe4 4. Nxe4 Bf5 5. Ng3 Bg6 6. h4 h6 7. Bc4 e6 8. N1e2 Nf6 9. Nf4 Bh7 10. Nfh5 Nbd7 11. c3 Bg6 12. Nf4 Bh7 13. Nfh5 Nxh5 14. Nxh5 Nf6 15. Bf4 Bg6 16. Nxf6+ Qxf6 17. Be5 Qd8 18. Qg4 Bf5 19. Qg3 f6 20. Bf4 Qb6 21. b4 Qd8 22. Rd1 Kf7 23. h5 Rg8 24. Bc7 Qd7 25. Qf4 Bh7 26. O-O g5 27. hxg6+ Rxg6 28. Rfe1 Re8 29. Rxe6 Rxe6 30. Re1 f5 31. Qxf5+ Kg7 32. Be5+ Rgf6 33. Bxf6+ 1-0


[Site "https://www.chess.com"]

[Event "Titled Tuesday Blitz October 31 Early 2023"]
[White "LouieKov2022"]
[Black "Barrientos, Sergio E"]
[BlackFideId "4401824"]
[WhiteElo "2484"]
[BlackElo "2655"]
[Result "0-1"]
[Round "6"]
[TimeControl "180+1"]
[Date "2023.10.31"]
[WhiteClock "0:00:03"]
[BlackClock "0:00:36"]
[Board "69"]

1. e4 e5 2. d4 exd4 3. Qxd4 Nc6 4. Qc4 Nf6 5. Nc3 Bb4 6. Bd2 O-O 7. O-O-O Re8 8. f3 d6 9. a3 Ba5 10. g4 Be6 11. Qe2 d5 12. g5 Nh5 13. Nxd5 Bxd2+ 14. Qxd2 Bxd5 15. exd5 Ne5 16. f4 Ng6 17. f5 Ngf4 18. Be2 Re5 19. Bxh5 Nxh5 20. f6 gxf6 21. Nf3 Rf5 22. gxf6 Qxf6 23. Rhg1+ Kh8 24. Ng5 Re8 25. h4 h6 26. Nh3 Re4 27. Kb1 Rxh4 28. Rh1 Ng3 29. Rh2 Ne4 30. Qe3 Rf1 31. Rh1 Rxd1+ 32. Rxd1 Qf5 33. Ng1 Rh1 34. Re1 Nf6 35. Nf3 Rxe1+ 36. Nxe1 Nxd5 37. Qxh6+ Kg8 38. Nd3 b6 39. Qh4 a5 40. a4 Nf6 41. Qg3+ Kh7 42. Qxc7 Nd5 43. Qc6 Kg7 44. Qd6 Qe4 45. Qg3+ Kf6 46. Qd6+ Kg7 47. Qg3+ Kf8 48. Qd6+ Ke8 49. Qc6+ Ke7 50. Qb7+ Kf6 51. Qc6+ Kg7 52. Qd7 Ne3 53. Qd6 Qh1+ 54. Ka2 Qd5+ 55. Qxd5 Nxd5 56. Kb3 Kf6 57. Kc4 Ke6 58. Kd4 f5 59. c3 Nf6 60. Nf2 Kd6 61. Nd3 Nd7 62. b4 Nb8 63. Nf4 Nc6+ 64. Kc4 Ke5 65. Nd3+ Ke4 66. Nf2+ Ke3 67. Nd1+ Ke2 68. Nb2 f4 69. Nd3 f3 70. Nf4+ Ke3 71. Nh3 Ne5+ 72. Kb5 Nd3 73. bxa5 bxa5 74. Kxa5 Nf4 75. Nxf4 Kxf4 76. Kb6 f2 77. a5 f1=Q 78. a6 Qf2+ 79. Kb7 Qf3+ 80. Kb8 Qc6 81. a7 Qb6+ 82. Ka8 Qc7 83. c4 Qc8# 0-1


[Site "https://www.chess.com"]

[Event "Titled Tuesday Blitz October 31 Early 2023"]
[White "Bayramov, Zaur"]
[Black "Kuznetsova, Olga"]
[WhiteFideId "13405080"]
[BlackFideId "4191323"]
[WhiteElo "2642"]
[BlackElo "2449"]
[Result "1-0"]
[Round "6"]
[TimeControl "180+1"]
[Date "2023.10.31"]
[WhiteClock "0:00:47"]
[BlackClock "0:00:07"]
[Board "70"]

1. d4 Nf6 2. c4 e6 3. Nc3 d5 4. Bg5 Be7 5. e3 Ne4 6. Bxe7 Qxe7 7. Bd3 Nxc3 8. bxc3 c5 9. cxd5 exd5 10. Ne2 Nc6 11. O-O Bg4 12. Qd2 Bxe2 13. Bxe2 O-O 14. Bf3 Rfd8 15. Rab1 Rac8 16. Rb5 b6 17. dxc5 bxc5 18. Bxd5 Ne5 19. e4 c4 20. Qf4 Nd3 21. Qg3 Rd7 22. Rfb1 g6 23. h4 Qf6 24. Rb8 Rxb8 25. Rxb8+ Kg7 26. h5 Qxc3 27. h6+ Kxh6 28. Qh3+ Kg7 29. Qxd7 Qc1+ 30. Kh2 Qf4+ 31. Kg1 Qxf2+ 32. Kh2 Qf4+ 33. Kg1 Qxb8 34. Qxf7+ Kh6 35. Bxc4 Qb6+ 36. Kh1 Nf2+ 37. Kh2 Nxe4 38. Qf4+ Ng5 39. Qf8+ Kh5 40. Be2+ Nf3+ 41. Bxf3+ Kg5 42. Qe7+ Kh6 43. Qe5 Qf2 44. Qf4+ Kg7 45. a4 h5 46. Qe5+ Kh7 47. Qe4 a5 48. Bxh5 Qf6 49. Kh3 Kh6 50. Qxg6+ Qxg6 51. Bxg6 Kxg6 52. Kg4 Kf6 53. Kh5 Kg7 54. g4 Kh7 55. Kg5 Kg7 56. Kf5 Kf7 57. Ke5 Kg6 58. Kd5 Kg5 59. Kc5 Kxg4 60. Kb5 Kf5 61. Kxa5 Ke6 62. Kb6 Kd7 63. Kb7 1-0


[Site "https://www.chess.com"]

[Event "Titled Tuesday Blitz October 31 Early 2023"]
[White "Polaczek, Richard"]
[Black "Chinguun, Sumiya"]
[WhiteFideId "200026"]
[BlackFideId "4902572"]
[WhiteElo "2431"]
[BlackElo "2640"]
[Result "0-1"]
[Round "6"]
[TimeControl "180+1"]
[Date "2023.10.31"]
[WhiteClock "0:00:51"]
[BlackClock "0:02:08"]
[Board "71"]

1. d4 Nf6 2. Bg5 g6 3. Bxf6 exf6 4. c4 Bg7 5. Nc3 O-O 6. e3 d6 7. g3 f5 8. Bg2 Nd7 9. Nge2 Nf6 10. Qd3 h5 11. h4 c6 12. O-O Re8 13. b4 Bd7 14. a4 Rc8 15. b5 Ng4 16. a5 g5 17. hxg5 Qxg5 18. a6 bxa6 19. bxc6 Bxc6 20. Bxc6 Rxc6 21. Ra5 Nh6 22. Nf4 h4 23. Kg2 hxg3 24. fxg3 Rec8 25. c5 dxc5 26. d5 Rd6 27. Na4 c4 28. Qc2 Ng4 29. Re1 Qd8 30. Rc5 Rxc5 31. Nxc5 Qa5 32. Rb1 Qxc5 33. Rb8+ Bf8 34. Qxf5 Nxe3+ 0-1


[Site "https://www.chess.com"]

[Event "Titled Tuesday Blitz October 31 Early 2023"]
[White "Kuzhylnyi, Oleksandr"]
[Black "Haitin, Ilja"]
[WhiteFideId "34110500"]
[BlackFideId "4501764"]
[WhiteElo "2640"]
[BlackElo "2410"]
[Result "0-1"]
[Round "6"]
[TimeControl "180+1"]
[Date "2023.10.31"]
[WhiteClock "0:00:10"]
[BlackClock "0:00:07"]
[Board "72"]

1. b3 e5 2. Bb2 Nc6 3. e3 d5 4. Bb5 Ne7 5. Bxe5 a6 6. Bxc6+ Nxc6 7. Bb2 Qg5 8. Qf3 Bg4 9. Qf4 Qxf4 10. exf4 O-O-O 11. f3 Re8+ 12. Ne2 Bf5 13. d3 Nb4 14. Na3 Nxd3+ 15. cxd3 Bxd3 16. O-O-O Bxe2 17. Rxd5 Bd6 18. Kb1 Bxf4 19. Nc2 Bb5 20. Rf5 Bh6 21. Rxf7 Bd3 22. Rd1 Bg6 23. Rfd7 Re2 24. R7d3 Bxd3 25. Rxd3 Rd8 26. Rxd8+ Kxd8 27. g4 Rxh2 28. Nd4 Kd7 29. Nf5 Rf2 30. Nh4 Bg5 31. Nf5 g6 32. Ng3 Rxf3 33. Ne4 Be7 34. Bc1 h5 35. gxh5 gxh5 36. Kc2 h4 37. Kd1 h3 38. Ke2 Rf8 39. Nf2 h2 40. Nh1 Rg8 41. Bf4 Rg1 42. Nf2 h1=Q 43. Nxh1 Rxh1 44. Kd3 Ra1 45. a4 Rf1 46. Be3 Rf3 47. Ke2 Rh3 48. Kd2 Kc6 49. Ke2 Bd6 50. Kd2 Kd5 51. Ke2 b5 52. axb5 axb5 53. Kd2 c5 54. Ke2 Rxe3+ 55. Kxe3 c4 56. bxc4+ Kxc4 57. Kd2 Kb3 58. Kc1 Ka2 59. Kc2 b4 60. Kd3 b3 61. Kc3 b2 62. Kc4 b1=Q 63. Kd5 Qb5+ 0-1


[Site "https://www.chess.com"]